 Seeded DCSS version 0.31-a0-1278-g11c5b68f87 (webtiles) character file.

Game seed: 2784412586281298278 (custom seed)

1021 timneilson the Trooper (level 8, -1/51 HPs)
             Began as a Gargoyle Fighter on Dec 17, 2023.
             Was a Follower of Makhleb.
             Slain by Jeremiah
             ... wielding a +2 trident of draining
              (5 damage)
             ... on level 6 of the Dungeon.
             The game lasted 00:12:31 (5788 turns).

timneilson the Trooper (Gargoyle Fighter)           Turns: 5788, Time: 00:12:31

Health: -1/51      AC: 17    Str: 19    XL:     8   Next: 22%
Magic:  1/10       EV:  9    Int: 10    God:    Makhleb [*.....]
Gold:   157        SH:  5    Dex: 11    Spells: 7/7 levels left

rFire   . . .        a - +1 long sword (heavy)
rCold   . . .        c - +0 buckler
rNeg    + . .        b - +0 scale mail
rPois   ∞            (no helmet)
rElec   +            (no cloak)
rCorr   .            e - +3 Mad Mage's Maulers {Infuse+∞ VampMP -Cast}
SInv    .            (no boots)
Will    .....        (no amulet) Stlth
                     (no ring)
HPRegen 0.28/turn    (no ring)
MPRegen 0.12/turn

%: no spellcasting, infuse magic (1 MP)
@: no status effects
A: sickness immunity, AC +5, negative energy resistance 1, electricity
resistance, torment resistance 1, petrification resistance
a: Renounce Religion


You were on level 6 of the Dungeon.
You worshipped Makhleb.
Makhleb was aware of your devotion.
You visited 1 branch of the dungeon, and saw 6 of its levels.

You collected 157 gold pieces.

Inventory:

Hand Weapons
 a - a +1 heavy long sword (weapon)
Armour
 b - a +0 scale mail (worn)
 c - a +0 buckler (worn)
 e - the +3 Mad Mage's Maulers (worn) {Infuse+∞ VampMP -Cast}
   (You acquired it on level 1 of the Dungeon)

   Infuse+∞: It empowers its wearer's blows with all of their magic.
   VampMP:    Blows struck in melee replenish the wearer's magic.
   -Cast:     It prevents spellcasting.
Jewellery
 m - a +6 ring of dexterity
Wands
 o - a wand of light (9)
Scrolls
 g - 2 scrolls of fog {unknown}
 i - a scroll of enchant weapon
 k - 3 scrolls of teleportation
 p - a scroll of vulnerability
Potions
 d - a potion of might
 f - 2 potions of attraction
 h - a potion of enlightenment {unknown}
 j - a potion of haste {unknown}
 l - a potion of lignification {unknown}
 n - 2 potions of heal wounds {unknown}


   Skills:
 + Level 5.8 Fighting
 + Level 4.3 Long Blades
 + Level 5.8 Armour
 + Level 5.7 Shields
 + Level 3.1 Invocations


You had 7 spell levels left.
You didn't know any spells.
Your spell library contained the following spells:

 Spells                   Type           Power      Damage    Failure   Level
 Ignite Poison            Fire/Tmut/Pois 0%         N/A       98%         3
 Freezing Cloud           Conj/Ice/Air   0%         6-21      100%        5
 Cigotuvi's Dreadful Rot  Necr/Pois/Air  Unusable   N/A       N/A         2

Dungeon Overview and Level Annotations

Branches:
Dungeon (5/15)
 Temple: D:4-7

Altars:
Ashenzari
Makhleb
Okawaru
Qazlal
Sif Muna
The Shining One

Annotations:
D:4 2 runed translucent doors, olourkin's ghost, amateur AtFi
D:6 Jeremiah


Innate Abilities, Weirdness & Mutations

You are immune to sickness and miasma.
Your stone body is resilient. (AC +5)
You are immune to poison.
You resist negative energy. (rN+)
You are resistant to electric shocks. (rElec)
You are resistant to unholy torment.
You are immune to petrification.


Message History

You miss the butterfly.
Jeremiah hits you but does no damage. x2
You miss the butterfly. Jeremiah hits you but does no damage.
Jeremiah hits you from afar with a +2 trident of draining.
You closely miss the butterfly.
The butterfly disappears in a burst of colours! x2
Jeremiah hits you from afar with a +2 trident of draining.
You slice the butterfly!!
You kill the butterfly!
The butterfly disappears in a burst of colours!
You block Jeremiah's attack.
Jeremiah shouts, "O dreadful one, destroy my foe!"
Something smites you!
You hit the butterfly.
You kill the butterfly!
The butterfly disappears in a burst of colours! x4
Jeremiah barely misses you.
Jeremiah mumbles a slurred invocation.
Something smites you!
* * * LOW HITPOINT WARNING * * *
Aiming: Bolt of Light
Press: ? - help, Shift-Dir - straight line, f - Jeremiah
Aim: Jeremiah, wielding a +2 trident of draining, wearing a +0 robe and wearing an orb of mayhem (64% to hit)
The bolt of light hits the butterfly!
You kill the butterfly!
The butterfly disappears in a burst of colours!
The bolt of light misses Jeremiah.
The bolt of light misses the butterfly.
The bolt of light hits the butterfly!
You kill the butterfly!
The butterfly disappears in a burst of colours! x3
Jeremiah hits you from afar with a +2 trident of draining.
* * * LOW HITPOINT WARNING * * *
Aiming: Bolt of Light
Press: ? - help, Shift-Dir - straight line, f/p - Jeremiah
Aim: Jeremiah, wielding a +2 trident of draining, wearing a +0 robe and wearing an orb of mayhem (64% to hit)
The bolt of light misses the butterfly.
The bolt of light hits Jeremiah!
Jeremiah is moderately wounded.
Jeremiah is blinded.
The bolt of light misses the butterfly.
Jeremiah hits you from afar with a +2 trident of draining.
You die...
Jeremiah wails, "I didn't mean to kill anyone!
I'm not a murderer!"

##.# ####..........# #
#.........#.#
#.......#.#
####.......#...
#..)......#.####
#.####...#### #.#
###...+ # #.# #...#
####. #@# .....#
.....#####b###..#..#..
.........bFb...... ..
....b.)..bb.b.....
.b............#.##
#.##$....>..b...#
b..F...|b....b###
#########...### ###.#


You could see Jeremiah (blind, unable to see you).

Vanquished Creatures
  Sigmund (D:2)
  A black bear (D:5)
  An ogre (D:6)
  A bullfrog (D:6)
  A scorpion (D:5)
  3 hounds (D:4)
  2 orc priests (D:4)
  2 iguanas
  3 orc wizards (D:4)
  10 adders
  7 gnolls
  A white imp (D:6)
  3 ufetubi
  A worm (D:2)
  A dart slug (D:2)
  7 orcs
  7 bats
  9 endoplasms
  4 giant cockroaches
  8 goblins
  A hobgoblin (D:3)
  10 jackals
  4 quokkas
  9 ball pythons
  A frilled lizard (D:1)
  6 kobolds
  6 rats
110 creatures vanquished.

Notes
Turn   | Place    | Note
-------+----------+-------------------------------------------
     0 | D:1      | timneilson the Gargoyle Fighter began the quest for the
                  | Orb.
     0 | D:1      | Reached XP level 1. HP: 14/14 MP: 1/1
    22 | D:1      | Identified a scroll of acquirement
    22 | D:1      | Acquired the +3 Mad Mage's Maulers {Infuse+∞ VampMP -Cast}
    22 | D:1      | Found the +3 Mad Mage's Maulers {Infuse+∞ VampMP -Cast}
    74 | D:1      | Reached XP level 2. HP: 19/19 MP: 0/2
   442 | D:1      | Reached XP level 3. HP: 19/23 MP: 1/3
  1154 | D:1      | Reached XP level 4. HP: 29/29 MP: 0/4
  1632 | D:2      | Noticed Sigmund
  1644 | D:2      | Killed Sigmund
  1645 | D:2      | Reached XP level 5. HP: 34/34 MP: 0/5
  1645 | D:2      | Reached XP level 6. HP: 39/39 MP: 0/6
  2402 | D:2      | Found a burning altar of Makhleb.
  2407 | D:2      | Became a worshipper of Makhleb the Destroyer
  2772 | D:3      | Found a stormy altar of Qazlal.
  3209 | D:3      | Found an iron altar of Okawaru.
  3216 | D:3      | Found a shimmering blue altar of Sif Muna.
  3738 | D:3      | Found a glowing golden altar of the Shining One.
  4039 | D:4      | Found a large runed translucent door.
  4040 | D:4      | Found a large runed translucent door.
  4042 | D:4      | Noticed olourkin's ghost (amateur AtFi)
  4055 | D:4      | Reached skill level 1 in Invocations
  4073 | D:4      | Reached skill level 5 in Fighting
  4077 | D:4      | Reached skill level 5 in Armour
  4077 | D:4      | Reached XP level 7. HP: 40/44 MP: 1/8
  4129 | D:4      | Reached skill level 5 in Shields
  4378 | D:4      | Reached * piety under Makhleb
  4971 | D:5      | Entered Level 5 of the Dungeon
  5109 | D:5      | Found a broken altar of Ashenzari.
  5410 | D:5      | Reached XP level 8. HP: 50/50 MP: 2/10
  5519 | D:5      | You fall into a shaft and drop 1 floor!
  5766 | D:6      | Noticed Jeremiah
  5788 | D:6      | Slain by Jeremiah

Illustrated notes

Levels and vault maps discovered:
D:1:      nzn_arrival_settlement, layout_loops_ring, minmay_heptomino_h4
D:2:      layout_loops_ring, basic_altar, uniq_sigmund
D:3:      layout_rooms, mainiacjoe_overflow_swirl,
          amethyst_overflow_temple_binary, serial_bayou_lagoon_b
D:4:      layout_rooms, ebering_ghost_disaster_area
D:5:      layout_loops_ring, mainiacjoe_overflow_surrounded_room
D:6:      layout_rooms, pdpol_temple_overflow_zin_treasury_gozag_greed,
          trog_wizard, uniq_jeremiah, uniq_duvessa

Skill      XL: |  1  2  3  4  5  6  7  8 |
---------------+-------------------------+-----
Long Blades    | 2 3 4 |  4.3
Armour         | 4 5 |  5.8
Fighting       | 4 5 |  5.8
Shields        | 4 5 |  5.7
Invocations    | 1 2 3 |  3.1

Action                     |  1- 3 |  4- 6 |  7- 9 || total
---------------------------+-------+-------+-------++-------
  Melee: Long sword        |    90 |    98 |    81 ||   269
  Evoke: Wand              |       |       |     2 ||     2
    Use: Scroll            |     1 |     6 |     2 ||     9
 Armour: Scale mail        |    75 |    74 |   133 ||   282
  Dodge: Dodged            |    47 |    45 |    64 ||   156
  Block: Buckler           |    18 |    22 |    33 ||    73

Table legend: (Time is in decaauts)
 A = Elapsed time spent in this place.
 B = Non-inter-level travel time spent in this place.
 C = Inter-level travel time spent in this place.
 D = Time resting spent in this place.
 E = Time spent auto-exploring this place.
 F = Levels seen in this place.
 G = Mean time per level.
                   A        B        C        D        E       F      G
               +--------+--------+--------+--------+--------+-----+--------+
         Total |   5930 |   5854 |     76 |     84 |   4727 |   6 |  988.3 |
       Dungeon |   5930 |   5854 |     76 |     84 |   4727 |   6 |  988.3 |
               +--------+--------+--------+--------+--------+-----+--------+

Top non-repeatable levels by time:
     D:1: 1385 daAuts
     D:2: 1380 daAuts
     D:4: 1173 daAuts
     D:3: 1135 daAuts
     D:5: 565 daAuts
     D:6: 290 daAuts
